 Dungeon Crawl Stone Soup version 0.22-a0-799-g88f5e90 (webtiles) character file.

169 riteheju the Ducker (level 5, -10/40 HPs)
             Began as a Demonspawn Gladiator on July 21, 2018.
             Killed by nerve-wracking pain
             ... invoked by Menkaure
              (14 damage)
             ... on level 4 of the Dungeon.
             The game lasted 00:12:58 (3353 turns).

riteheju the Ducker (Demonspawn Gladiator)          Turns: 3353, Time: 00:12:58

Health: -10/40     AC:  6    Str: 15    XL:     5   Next: 25%
Magic:  5/5        EV: 12    Int:  9    God:
Gold:   137        SH:  0    Dex: 15    Spells: 4/4 levels left

rFire    . . .     SeeInvis .   o - +1 spear (venom)
rCold    . . .     Gourm    .   (no shield)
rNeg     . . .     Faith    .   q - +0 ring mail
rPois    .         Spirit   .   (helmet restricted)
rElec    .         Reflect  .   p - +0 cloak
rCorr    .         Harm     .   (no gloves)
MR       .....                  (no boots)
Stlth    +.........             (no amulet)
HPRegen  0.13/turn              (no ring)
MPRegen  0.09/turn              (no ring)

@: no status effects
A: horns 1, powered by death 1, rot immunity
a: no special abilities


You were on level 4 of the Dungeon.
You were not hungry.

You visited 1 branch of the dungeon, and saw 4 of its levels.

You collected 137 gold pieces.

Inventory:

Hand Weapons
 a - a +0 rapier
 o - a +1 spear of venom (weapon)
Missiles
 d - 4 throwing nets (quivered)
Armour
 b - a +0 leather armour
 c - a +0 helmet
 p - a +0 cloak (worn)
 q - a +0 ring mail (worn)
Magical Staves
 t - an uncursed staff of air {unknown}
Jewellery
 w - a cursed ring of attention {unknown}
Wands
 n - a wand of disintegration (7)
 u - a wand of iceblast (6)
Scrolls
 e - a scroll of remove curse {unknown}
 g - 5 scrolls of identify {unknown}
 j - a scroll of random uselessness {unknown}
 l - 3 scrolls of immolation {unknown}
 m - 2 scrolls of enchant armour {unknown}
 v - a scroll of amnesia {unknown}
 y - 2 scrolls of fog {unknown}
Potions
 h - 2 potions of agility {unknown}
 i - 2 potions of might {unknown}
 k - a potion of curing {unknown}
 r - 2 potions of degeneration {unknown}
 s - a potion of berserk rage {unknown}
Comestibles
 f - 9 rations


   Skills:
 * Level 2.9 Fighting
 - Level 3.4 Short Blades
 * Level 1.2 Polearms
 - Level 1.9 Throwing
 + Level 1.2 Armour
 + Level 3.7 Dodging
 - Level 0.1 Stealth


You had 4 spell levels left.
You didn't know any spells.
Your spell library was empty.

Dungeon Overview and Level Annotations

Branches:
Dungeon (4/15)
 Temple: D:4-7

Altars:

Annotations:
D:4 Menkaure


Innate Abilities, Weirdness & Mutations

You have a pair of small horns on your head.
You regenerate a little health from kills.
You are immune to rotting.


Message History

You barely miss Menkaure.
Menkaure is lightly damaged.
Menkaure closely misses you.
You see here a hound corpse.
Menkaure mumbles some strange words.
Menkaure seems to speed up.
Menkaure mumbles, "It doesn't hurt if you pull your brain out of your nose yourself."
Menkaure calls on the powers of darkness!
Your body is wracked with pain!
* * * LOW HITPOINT WARNING * * *
Menkaure gestures at you while chanting.
Pain shoots through your body!
* * * LOW HITPOINT WARNING * * *
Menkaure calls on the powers of darkness!
Your body is wracked with pain!
* * * LOW HITPOINT WARNING * * *
Menkaure mumbles drily.
Menkaure casts a spell at you. Pain shoots through your body!
You die...

.............## ##...##
..............# ##..###
..............## #...#
..............# ##..##
.............# ##...#
.........######...##
..#####...####....# ##
###....##...##
##...###@....#
######..#..M..##.###
###..................##
#.....................#
#..................####
##...............###
###.........#####
##.....#### #######


You could see Menkaure.

Vanquished Creatures
  A hound (D:4)
  Jessica (D:2)
  6 adders
  2 dart slugs (D:1)
  2 leopard geckos
  3 orcs (D:3)
  A ball python (D:2)
  7 giant cockroaches
  2 hobgoblins (D:1)
  5 bats
  6 frilled lizards
  3 goblins
  9 kobolds
  9 rats
57 creatures vanquished.

Notes
Turn   | Place    | Note
-------+----------+-------------------------------------------
     0 | D:1      | riteheju the Demonspawn Gladiator began the quest for the Orb.
     0 | D:1      | Reached XP level 1. HP: 16/16 MP: 1/1
   238 | D:1      | Gained mutation: You have a pair of small horns on your head. [demonic ancestry]
   238 | D:1      | Reached XP level 2. HP: 13/22 MP: 2/2
   981 | D:2      | Gained mutation: You regenerate a little health from kills. [demonic ancestry]
   981 | D:2      | Reached XP level 3. HP: 21/27 MP: 3/3
  1539 | D:2      | Noticed Jessica
  1555 | D:2      | Killed Jessica
  1555 | D:2      | Reached XP level 4. HP: 25/33 MP: 4/4
  2224 | D:3      | Reached skill level 1 in Armour
  3277 | D:4      | Reached skill level 1 in Polearms
  3277 | D:4      | Gained mutation: You are immune to rotting. [demonic ancestry]
  3277 | D:4      | Reached XP level 5. HP: 39/39 MP: 5/5
  3303 | D:4      | Noticed Menkaure
  3353 | D:4      | Killed from afar by Menkaure

Vault maps used:
D:1:      matt_arrival_spirals, serial_forest, infiniplex_forest_corner_1,
          infiniplex_forest_lined_4_way, infiniplex_forest_end_1,
          infiniplex_forest_clump_C, infiniplex_forest_clump_tiny,
          infiniplex_forest_corner_1, infiniplex_forest_straight_2,
          infiniplex_forest_end_1, infiniplex_forest_lined_2
D:2:      uniq_jessica
D:3:      first_ration
D:4:      kennysheep_big_flooded_room, uniq_menkaure

Skill      XL: |  1  2  3  4 |
---------------+-------------+-----
Dodging        | 3 |  3.7
Short Blades   | 3 |  3.4
Armour         | 1 |  1.2
Polearms       | 1 |  1.2
Fighting       | |  2.9
Throwing       | |  1.9
Stealth        | |  0.1

Action                   |  1- 3 |  4- 6 || total
-------------------------+-------+-------++-------
Melee: Rapier            |    97 |    17 ||   114
       Headbutt          |    11 |     7 ||    18
       Spear             |       |    69 ||    69
Throw: Throwing net      |     2 |       ||     2
 Stab: Sleeping          |     1 |       ||     1
  Eat: Chunk             |     2 |     6 ||     8
Armor: Leather armour    |    20 |     5 ||    25
       Ring mail         |       |    14 ||    14
Dodge: Dodged            |    67 |    52 ||   119

Table legend:
 A = Spawn XP
 B = Non-spawn XP
 C = Spawn XP percentage of total XP
 D = Spawn monster count
 E = Non-spawn monster count
 F = Spawn count percentage of total count
 G = Total turns spent on level
                    A         B        C        D         E        F      G
               +---------+---------+-------+---------+---------+-------+---------
         Total |       0 |     242 |   0.0 |       0 |      57 |   0.0 |  3353
               +---------+---------+-------+---------+---------+-------+---------
           D:1 |       0 |      35 |   0.0 |       0 |      21 |   0.0 |   947
           D:2 |       0 |      87 |   0.0 |       0 |      17 |   0.0 |  1103
           D:3 |       0 |      65 |   0.0 |       0 |      17 |   0.0 |  1055
           D:4 |       0 |      55 |   0.0 |       0 |       2 |   0.0 |   248
               +---------+---------+-------+---------+---------+-------+---------
